 Dungeon Crawl Stone Soup version 0.32-a0-391-gce5c0aab1b (webtiles) character file.

Game seed: 8918086170870102749

7 n00bmints the Cudgeller (level 1, 20/20 HPs)
             Began as a Minotaur Berserker on Feb 19, 2024.
             Was a Follower of Trog.
             Quit the game on level 1 of the Dungeon.
             The game lasted 00:00:36 (112 turns).

n00bmints the Cudgeller (Minotaur Berserker)         Turns: 112, Time: 00:00:37

Health: 20/20      AC:  2    Str: 21    XL:     1   Next: 83%
Magic:  0/0        EV: 12    Int:  4    God:    Trog [*.....]
Gold:   32         SH:  0    Dex:  9    Spells: 0/0 levels left

rFire   . . .        a - +0 mace
rCold   . . .        (no shield)
rNeg    . . .        b - +0 animal skin
rPois   .            (helmet restricted)
rElec   .            (no cloak)
rCorr   .            (no gloves)
SInv    .            (no boots)
Will    .....        (no amulet)
Stlth   +            (no ring)
HPRegen 0.23/turn    (no ring)
MPRegen 0.07/turn

%: no passive effects
@: no status effects
A: horns 2, retaliatory headbutt
a: Renounce Religion, Berserk


You were on level 1 of the Dungeon.
You worshipped Trog.
Trog was aware of your devotion.
You visited 1 branch of the dungeon, and saw 1 of its levels.

You collected 32 gold pieces.

Inventory:

Hand Weapons
 a - a +0 mace (weapon)
Armour
 b - a +0 animal skin (worn)
Scrolls
 c - a scroll of identify {unknown}


   Skills:
 + Level 3.8 Fighting
 + Level 3.9 Maces & Flails
 + Level 2.5 Armour
 + Level 2.2 Dodging


You couldn't memorise any spells.
You didn't know any spells.
Your spell library was empty.

Dungeon Overview and Level Annotations

Branches:
Dungeon (1/15)

Altars:


Innate Abilities, Weirdness & Mutations

You have a pair of horns on your head.
You reflexively headbutt those who attack you in melee.


Message History

You hit the bat.
You kill the bat!
Trog accepts your kill.
No target in view!
You see here a frilled lizard corpse.
A rat comes into view.
Found 18 gold pieces.
The rat squeaks loudly.
Found 5 boomerangs.
The rat closely misses you.
You see here 18 gold pieces.
You barely miss the rat. The rat closely misses you.
You barely miss the rat. The rat closely misses you. The rat misses you.
You completely miss the rat. Your headbutt misses the rat.
The rat closely misses you. You furiously retaliate!
You headbutt the rat!
You kill the rat!
Trog accepts your kill.
No target in view!
You now have 32 gold pieces (gained 18).
You see here a rat corpse.
You see here 5 boomerangs.
c - a scroll labelled MECHOT MIF KUABYTH
Found a robe.
No target in view!
No target in view!
No target in view!
A goblin comes into view. It is wielding a +0 club.
A goblin is nearby!
A goblin is nearby!
A goblin is nearby!
A goblin is nearby!
A goblin is nearby!
You thump the goblin!
You kill the goblin!
Trog accepts your kill.
No target in view!
You see here a +0 club.
Unknown command.
Unknown command.
Are you sure you want to abandon this character and quit the game? (Confirm with "yes".)

#. #. #. #####
#. # ##...## #.
#.####.###.####
#. #.....##
##...# #.
.########.##
##..####.
.......@..#
#.......
.########.#
#.###### ##[#
#... #.# #.###
#...# ###


There were no monsters in sight!

Vanquished Creatures
  A bat (D:1)
  A goblin (D:1)
  A frilled lizard (D:1)
  A rat (D:1)
4 creatures vanquished.

Notes
Turn   | Place    | Note
-------+----------+-------------------------------------------
     0 | D:1      | n00bmints the Minotaur Berserker began the quest for the
                  | Orb.
     0 | D:1      | Reached XP level 1. HP: 19/19 MP: 0/0
   112 | D:1      | Quit the game

Illustrated notes

Levels and vault maps discovered:
D:1:      zaba_arrival_water, layout_loops_ring, minivault_26,
          kennysheep_flooded_box, minmay_tetromino_s4

Action                     || total
---------------------------++-------
  Melee: Mace              ||     9
 Armour: Animal skin       ||     1
  Dodge: Dodged            ||     9

Table legend: (Time is in decaauts)
 A = Elapsed time spent in this place.
 B = Non-inter-level travel time spent in this place.
 C = Inter-level travel time spent in this place.
 D = Time resting spent in this place.
 E = Time spent auto-exploring this place.
 F = Levels seen in this place.
 G = Mean time per level.
                   A        B        C        D        E       F      G
               +--------+--------+--------+--------+--------+-----+--------+
         Total |    120 |    120 |      0 |      0 |     92 |   1 |  120.0 |
       Dungeon |    120 |    120 |      0 |      0 |     92 |   1 |  120.0 |
               +--------+--------+--------+--------+--------+-----+--------+

Top non-repeatable levels by time:
     D:1: 120 daAuts
